 Dungeon Crawl Stone Soup version 0.17-a0-1805-g6093636 (console) character file.

77402 Illiel the Unseen (level 15, -29/74 HPs)
             Began as a Spriggan Enchanter on Sept 11, 2015.
             Was a High Priest of Ashenzari.
             Killed by Shatter
             ... invoked by Jorgrun
              (33 damage)
             ... on level 2 of the Spider Nest on Sept 12, 2015.
             The game lasted 02:52:48 (21477 turns).

Illiel the Unseen (Spriggan Enchanter)             Turns: 21477, Time: 02:52:48

Health: -29/74     AC:  9    Str:  8    XL:     15   Next: 15%
Magic:  2/33       EV: 32    Int: 20    God:    Ashenzari [*****.]
Gold:   1463       SH:  0    Dex: 16    Spells: 5 memorised, 28 levels left

rFire  . . .     SeeInvis +     u - +7 quick blade (curse)
rCold  . . .     Clarity  +     b - +2 robe
rNeg   . . .     SustAt   +     (shield restricted)
rPois  +         Gourm    .     T - +2 hat {MR+}
rElec  +         Spirit   .     E - +2 cloak {rPois} (curse)
rCorr  .         Warding  .     (gloves unavailable)
rMut   .         Stasis   .     (boots unavailable)
MR     +++..                    (no amulet)
Stlth  +++++++...               p - ring "Panaschuz" {SustAt rElec SInv}
                                F - +6 ring of evasion (curse)

@: very quick, extremely resistant to hostile enchantments, extremely stealthy
A: unfitting armour, see invisible, herbivore 3, speed 3, slow metabolism 2
a: Scrying, Transfer Knowledge, Renounce Religion


You were on level 2 of the Spider Nest.
You worshipped Ashenzari.
Ashenzari was extremely pleased with you.
You were very hungry.

You visited 5 branches of the dungeon, and saw 21 of its levels.
You also visited: Bailey.

You collected 1463 gold pieces.

Inventory:

Hand weapons
 u - a cursed +7 quick blade (weapon)
Armour
 b - a +2 robe (worn)
 E - a cursed +2 cloak of poison resistance (worn)
 T - a +2 hat of magic resistance (worn)
Jewellery
 g - an uncursed ring of wizardry
 p - the ring "Panaschuz" (right hand) {SustAt rElec SInv}
   (You found it on level 8 of the Lair of Beasts)

   [ring of sustain attributes]

   It sustains your strength, intelligence and dexterity.
   It insulates you from electricity.
   It lets you see invisible.
 D - an uncursed ring of protection from fire
 F - a cursed +6 ring of evasion (left hand)
 I - an uncursed ring of fire
 K - an uncursed ring of protection from magic
 M - an uncursed amulet of stasis
Magical devices
 a - a wand of fireball (12)
 t - a wand of digging (9)
 C - a wand of lightning (7)
 H - a wand of disintegration (9)
 V - a wand of heal wounds (4)
 Y - a wand of draining (2)
Scrolls
 l - a scroll of enchant weapon
 v - 2 scrolls of curse weapon
 y - 2 scrolls of teleportation
 A - 3 scrolls of blinking
 G - 11 scrolls of identify
 L - 3 scrolls of fear
 N - 4 scrolls of magic mapping
 O - 2 scrolls of fog
 P - 5 scrolls of recharging
 R - a scroll of remove curse
 W - 3 scrolls of enchant armour
Potions
 e - 2 potions of resistance
 f - 9 potions of curing
 h - 3 potions of flight
 i - a potion of agility
 j - a potion of ambrosia
 k - 4 potions of brilliance
 m - a potion of lignification
 s - a potion of might
 x - 3 potions of haste
 z - a potion of berserk rage
 Q - 4 potions of heal wounds
 X - a potion of cancellation
Books
 c - a book of Maledictions

   Spells                             Type                      Level
   a - Corona                         Hexes                        1
   b - Ensorcelled Hibernation        Hexes/Ice                    2
   c - Confuse                        Hexes                        3
   d - Tukima's Dance                 Hexes                        3
   e - Dazzling Spray                 Conjuration/Hexes            3
 n - a book of Geomancy

   Spells                             Type                      Level
   a - Sandblast                      Earth                        1
   b - Stoneskin                      Transmutation/Earth          2
   c - Passwall                       Transmutation/Earth          3
   d - Stone Arrow                    Conjuration/Earth            3
   e - Petrify                        Transmutation/Earth          4
   f - Lee's Rapid Deconstruction     Earth                        5
 r - a book of Conjurations

   Spells                             Type                      Level
   a - Magic Dart                     Conjuration                  1
   b - Searing Ray                    Conjuration                  2
   c - Dazzling Spray                 Conjuration/Hexes            3
   d - Fulminant Prism                Conjuration/Hexes            4
   e - Iskenderun's Mystic Blast      Conjuration                  4
   f - Iskenderun's Battlesphere      Conjuration/Charms           5
 J - a book of Battle

   Spells                             Type                      Level
   a - Infusion                       Charms                       1
   b - Shroud of Golubria             Charms/Translocation         2
   c - Song of Slaying                Charms                       2
   d - Spectral Weapon                Hexes/Charms                 3
   e - Regeneration                   Charms/Necromancy            3
Miscellaneous
 B - a fan of gales
 S - a lamp of fire
 Z - a box of beasts
Comestibles
 d - 10 bread rations
 o - 2 royal jellies
 q - 13 fruits
 w - 4 slices of pizza


   Skills:
 + Level 6.4 Fighting
 + Level 12.1(15.7) Short Blades
 + Level 10.8 Dodging
 * Level 16.3 Stealth
 + Level 13.2 Spellcasting
 - Level 2.7 Conjurations
 * Level 14.5 Hexes
 - Level 6.0 Ice Magic
 - Level 10.6 Evocations


You had 28 spell levels left.
You knew the following spells:

 Your Spells              Type           Power        Failure   Level  Hunger
a - Corona                Hex            ######.      0%          1    None
b - Dazzling Spray        Conj/Hex       #####...     1%          3    None
d - Tukima's Dance        Hex            ######..     1%          3    None
i - Confuse               Hex            ######..     1%          3    None
j - Ensorcelled Hibernat  Hex/Ice        ######       1%          2    None


Dungeon Overview and Level Annotations

Branches:
Dungeon (9/15)             Temple (1/1) D:4            Lair (8/8) D:9
  Swamp (1/4) Lair:5       Spider (2/4) Lair:6        Slime (0/6) Lair:7
    Orc (0/4) D:9

Altars:
Ashenzari
Cheibriados
Dithmenos
Elyvilon
Fedhas
Gozag
Kikubaaqudgha
Makhleb
Nemelex Xobeh
Okawaru
Qazlal
Ru
Sif Muna
Trog
Vehumet
Xom
Yredelemnul
Zin
The Shining One
Jiyva

Annotations:
D:6 Eustachio
Lair:1 exclusion: oklob plant
Lair:8 exclusion: oklob plant
Swamp:1 Aizul
Spider:2 exclusion: Roxanne, Jorgrun, Roxanne


Innate Abilities, Weirdness & Mutations

You are tiny and cannot use many weapons and most armour.
You have supernaturally acute eyesight.
You are a herbivore.
You cover ground extremely quickly.
You need consume almost no food.


Message History

Press: ? - help, Shift-Dir - straight line, f/p - Jorgrun
Aim: Jorgrun, wielding a quarterstaff of crushing and wearing a robe of cold resistance (severely wounded)
The bolt of negative energy hits Jorgrun.
Jorgrun is drained!
Jorgrun is severely wounded.
This wand has 2 charges left.
Jorgrun mumbles some strange words.
The dungeon rumbles around Jorgrun!
You shudder from the earth-shattering force.
Ouch! That really hurt!
* * * LOW HITPOINT WARNING * * *
Ka-crash!
You hear an angry hiss.
Read which item? (? for menu, Esc to quit)
You cannot teleport because you are wearing an amulet of stasis.
Remove which piece of jewellery? (? for menu, Esc to quit)
You remove your amulet of stasis.
Jorgrun mumbles some strange words.
The dungeon rumbles around Jorgrun!
You shudder from the earth-shattering force.
You die...

≈≈≈▒▒▒∙∙∙∙∙∙∙∙▒∙∙∙▒∙∙∙∙∙∙∙∙▒▒∙∙∙∙
≈≈▒▒▒▒▒∙∙∙∙∙∙(∙∙∙∙∙▒∙∙∙∙∙∙∙∙∙∙∙∙∙
≈≈▒≈▒∙▒▒▒∙∙∙∙∙▒∙▒∙∙▒∙∙∙∙∙∙∙∙∙∙∙∙∙
≈≈≈▒∙▒∙∙▒∙∙∙∙∙▒▒▒∙∙∙∙∙^∙∙∙∙∙∙∙∙∙∙
▒≈≈∙∙∙∙∙∙∙∙∙∙∙∙▒▒▒∙∙∙∙∙∙∙^∙∙∙∙∙∙∙
∙▒≈∙∙∙∙∙∙∙∙∙∙▒▒▒▒▒∙∙∙∙∙∙∙∙∙≈∙∙∙∙▒
∙▒∙∙∙∙∙∙∙∙∙∙∙▒∙∙▒∙∙▒∙∙∙∙∙▒≈≈∙∙∙∙▒
▒∙∙∙∙∙∙∙▒∙∙∙∙∙∙▒▒∙∙▒∙∙∙∙∙≈≈≈≈∙∙▒≈
∙∙∙∙∙▒∙∙∙▒≈▒∙∙∙∙▒∙∙∙%∙∙∙▒≈≈≈≈≈▒≈≈
∙∙∙∙∙∙∙∙∙∙∙▒∙∙∙∙▒∙∙∙∙▒∙∙▒∙▒≈≈≈≈▒▒
∙∙∙∙∙∙∙∙∙∙∙▒∙∙∙∙∙∙^∙∙∙∙∙∙∙▒▒≈≈≈░
∙▒∙∙∙∙∙∙∙∙∙∙∙∙∙∙∙▒∙∙∙∙∙∙∙▒▒▒▒▒≈
▒∙∙▒∙∙∙∙∙∙▒∙∙∙∙▒∙∙∙∙∙∙∙∙▒▒▒ ░
▒∙∙▒∙∙∙∙∙▒∙∙∙∙∙∙∙∙∙∙∙∙∙∙∙∙▒▒▒▒
∙∙∙∙∙∙∙▒▒∙∙∙▒∙∙∙∙∙∙∙∙∙∙∙∙∙∙∙∙▒
∙∙∙∙∙∙∙∙∙∙(∙∙∙▒∙∙∙∙∙∙∙∙∙∙∙∙∙∙▒
≈▒∙∙∙∙∙∙∙∙∙∙∙∙∙∙@∙∙∙∙∙∙∙∙∙)∙∙▒
∙∙∙∙∙∙∙∙∙∙∙∙∙g∙∙∙∙∙∙/∙∙∙∙∙∙∙∙▒
∙∙∙∙∙∙∙∙∙∙∙∙∙∙∙∙∙∙∙∙∙∙∙∙▒∙∙∙∙▒░
∙∙∙∙∙▒∙>∙∙∙∙∙∙∙∙∙∙∙∙∙∙∙∙∙∙▒≈≈≈▒
∙∙∙∙∙∙∙∙∙∙∙∙∙∙∙∙∙∙≈∙∙^∙∙∙∙≈≈▒▒▒
∙∙∙∙∙∙∙∙▒∙∙∙∙∙∙∙∙∙▒≈∙▒≈∙∙∙▒▒▒
∙∙∙∙▒∙∙▒▒∙∙∙^∙∙∙∙∙≈▒▒▒≈∙∙▒▒
▒▒▒▒▒▒▒▒▒▒▒▒▒▒▒▒▒▒▒▒ ▒▒▒▒▒


You could see Jorgrun.

Vanquished Creatures
  Asterion (Spider:1)
  Kirke (Lair:5)
  Wiglaf (Spider:2)
  A ghost moth (Spider:1)
  The ghost of Gargoyl the Cleaver, a powerful DsAK of Lugonu (Spider:1)
  Nessos (Lair:5)
  An ice dragon (Lair:8)
  3 catoblepae
  6 hydras
  19 death yaks
  2 orb spiders (Spider:2)
  2 orc knights (Bailey)
  9 wolf spiders
  The ghost of Psiweapon the Cudgeler, an experienced FoCK of Xom (D:6)
  4 elephants (Lair:3)
  2 griffons
  14 spiny frogs
  3 torpor snails
  4 black mambas
  5 fire drakes
  4 demonic crawlers
  2 jumping spiders
  5 komodo dragons
  2 polar bears
  Grinder (D:5)
  4 blink frogs (Lair:2)
  3 slime creatures (Lair:5)
  2 boulder beetles
  A bog body (Swamp:1)
  A two-headed ogre (D:8)
  4 trapdoor spiders
  5 tarantellas
  Sigmund (D:4)
  10 redbacks
  A wyvern (Lair:8)
  2 basilisks
  8 hippogriffs
  A hungry ghost (D:7)
  9 wolves
  81 yaks
  3 insubstantial wisps (Swamp:1)
  A swamp worm (Swamp:1)
  8 porcupines
  5 hogs (Lair:5)
  An ice beast (D:7)
  5 orc warriors
  2 black bears
  2 sky beasts (D:9)
  19 water moccasins
  4 slaves (D:7)
  A wasp (Spider:1)
  22 spiders
  5 ogres
  5 centaurs
  An eye of draining (D:8)
  14 crocodiles
  A necrophage (D:9)
  A brain worm (Lair:4)
  Blork the orc (D:5)
  2 big kobolds (D:9)
  13 giant frogs
  2 scorpions
  A wight (D:9)
  2 crimson imps
  2 jellies
  4 hounds
  3 orc priests
  2 orc wizards
  4 giant frog skeletons
  2 gnoll shamans (D:9)
  5 iguanas
  12 sheep
  A killer bee zombie (D:6)
  5 worker ants
  20 gnolls
  59 river rats
  5 adders
  3 shadow imps
  2 white imps (Lair:8)
  2 adder zombies
  2 adder skeletons
  A worm (D:2)
  5 giant geckos
  30 orcs
  2 ball pythons
  7 bats
  5 goblins (D:1)
  5 hobgoblins
  3 jackals (D:6)
  10 kobolds
  7 quokkas
  6 giant cockroaches
  5 giant newts
  7 rats
  2 fungi
  3 plants
580 creatures vanquished.

Vanquished Creatures (collateral kills)
  Gastronok (Lair:3)
  Pikel (D:7)
  A human (D:9)
  A basilisk (Lair:3)
  An orc warrior (D:9)
  A porcupine (Lair:3)
  2 spiders
  2 ogres
  2 wights (D:9)
  3 orc wizards
  3 gnoll shamans (D:9)
  2 sheep
  2 gnolls (D:9)
  3 orcs (D:9)
  A plant (Lair:3)
26 creatures vanquished.

Vanquished Creatures (others)
  2 dancing weapons (D:5)
  A spider (Spider:1)
  24 fungi
  14 plants
41 creatures vanquished.

Grand Total: 647 creatures vanquished

Notes
Turn   | Place    | Note
--------------------------------------------------------------
     0 | D:1      | Illiel the Spriggan Enchanter began the quest for the Orb.
     0 | D:1      | Reached XP level 1. HP: 9/9 MP: 5/5
   155 | D:1      | Reached XP level 2. HP: 10/13 MP: 3/6
   170 | D:1      | Reached skill level 5 in Stealth
   174 | D:1      | Learned a level 2 spell: Ensorcelled Hibernation
   524 | D:1      | Reached XP level 3. HP: 16/16 MP: 6/8
   529 | D:1      | Learned a level 3 spell: Confuse
  1292 | D:2      | Reached skill level 6 in Stealth
  1292 | D:2      | Reached XP level 4. HP: 21/21 MP: 5/9
  1734 | D:3      | Found an iron altar of Okawaru.
  2087 | D:4      | Found a glowing golden altar of the Shining One.
  2160 | D:4      | Noticed Sigmund
  2265 | D:4      | Found a staircase to the Ecumenical Temple.
  2310 | Temple   | Entered the Ecumenical Temple
  2355 | Temple   | Became a worshipper of Ashenzari the Shackled
  2494 | D:4      | Found a sacrificial altar of Ru.
  2494 | D:4      | Found a glowing silver altar of Zin.
  2640 | D:4      | Reached XP level 5. HP: 24/24 MP: 5/10
  2816 | D:4      | Reached skill level 7 in Stealth
  3023 | D:5      | Entered Level 5 of the Dungeon
  3026 | D:5      | Noticed Grinder
  3027 | D:5      | Found a burning altar of Makhleb.
  3052 | D:5      | Killed Grinder
  3052 | D:5      | Reached skill level 5 in Short Blades
  3052 | D:5      | Reached skill level 8 in Stealth
  3052 | D:5      | Reached XP level 6. HP: 24/28 MP: 0/11
  3147 | D:5      | Identified a scroll of acquirement
  3185 | D:5      | Noticed an ogre
  3185 | D:5      | Noticed an ogre
  3233 | D:5      | Noticed Blork the orc
  3286 | D:5      | Learned a level 3 spell: Tukima's Dance
  3337 | D:5      | Killed an ogre
  3337 | D:5      | Reached skill level 1 in Evocations
  3337 | D:5      | Reached XP level 7. HP: 20/32 MP: 0/12
  3478 | D:5      | Killed an ogre
  3490 | D:5      | Reached skill level 1 in Ice Magic
  4307 | D:6      | Reached skill level 5 in Hexes
  4365 | D:6      | Noticed Psiweapon's ghost (experienced FoCK)
  4375 | D:6      | Noticed Eustachio
  4611 | D:4      | Killed Sigmund
  4664 | D:5      | Killed Blork the orc
  4664 | D:5      | Reached XP level 8. HP: 36/36 MP: 15/15
  4759 | D:6      | Acquired Ashenzari's first power
  5385 | D:6      | Killed Psiweapon's ghost
  5385 | D:6      | Reached skill level 5 in Spellcasting
  5428 | D:6      | Reached skill level 5 in Evocations
  5512 | D:6      | Learned a level 3 spell: Dazzling Spray
  5651 | D:6      | Reached XP level 9. HP: 38/40 MP: 10/18
  5767 | D:7      | Found a stormy altar of Qazlal.
  5928 | D:7      | Reached skill level 1 in Fighting
  6016 | D:7      | Noticed Pikel
  6120 | D:7      | Killed Pikel
  6120 | D:7      | Reached skill level 9 in Stealth
  6397 | D:8      | Acquired Ashenzari's second power
  6966 | D:9      | Gained mutation: You are somewhat resistant to further mutation. [potion of mutation]
  6966 | D:9      | Gained mutation: You are clumsy. (Dex -2) [potion of mutation]
  7153 | D:9      | Found a flagged portal.
  7160 | D:9      | Found a basalt altar of Yredelemnul.
  7162 | Bailey   | Entered a bailey
  7422 | Bailey   | Noticed an orc knight
  7499 | Bailey   | Reached skill level 5 in Dodging
  7499 | Bailey   | Reached XP level 10. HP: 46/46 MP: 14/21
  7508 | Bailey   | Killed an orc knight
  7526 | Bailey   | Got the cursed helmet of Bach {Int+4 Dex+2}
  7540 | Bailey   | Noticed an orc knight
  7556 | Bailey   | Killed an orc knight
  7556 | Bailey   | Reached skill level 10 in Stealth
  7619 | Bailey   | Lost mutation: You are clumsy. (Dex -2) [potion of cure mutation]
  7619 | Bailey   | Lost mutation: You are somewhat resistant to further mutation. [potion of cure mutation]
  7676 | D:9      | Found a shattered altar of Ashenzari.
  7735 | D:9      | Found a staircase to the Lair.
  8298 | D:9      | Reached skill level 10 in Hexes
  8475 | D:9      | Found a staircase to the Orcish Mines.
  8926 | D:9      | Found a white marble altar of Elyvilon.
  9239 | Lair:1   | Entered Level 1 of the Lair of Beasts
  9278 | Lair:1   | Found a glowing golden altar of the Shining One.
  9278 | Lair:1   | Noticed an oklob plant
  9485 | Lair:1   | Reached XP level 11. HP: 52/52 MP: 12/23
 10006 | Lair:2   | Reached skill level 5 in Ice Magic
 10046 | Lair:2   | Acquired Ashenzari's third power
 10482 | Lair:3   | Reached skill level 11 in Stealth
 11012 | Lair:3   | Noticed Gastronok
 11354 | Lair:3   | Killed Gastronok
 11354 | Lair:3   | Reached XP level 12. HP: 30/58 MP: 26/26
 11790 | Lair:3   | Reached skill level 12 in Stealth
 12047 | Lair:4   | Reached skill level 10 in Spellcasting
 12292 | Lair:4   | Upgraded the game from 0.17-a0-1802-g9847487 to 0.17-a0-1805-g6093636
 13663 | Lair:5   | Found a runed door.
 13689 | Lair:5   | Found a staircase to the Swamp.
 13702 | Lair:5   | Noticed Nessos
 13757 | Lair:5   | Killed Nessos
 13840 | Lair:5   | Reached skill level 13 in Stealth
 13846 | Lair:5   | Reached skill level 10 in Short Blades
 13978 | Lair:5   | Noticed Kirke
 14185 | Lair:5   | Killed Kirke
 14185 | Lair:5   | Reached skill level 5 in Fighting
 14185 | Lair:5   | Reached XP level 13. HP: 53/63 MP: 29/29
 14629 | Lair:5   | Noticed a seven-headed hydra
 14635 | Lair:5   | Killed a seven-headed hydra
 14782 | Lair:6   | Acquired Ashenzari's fourth power
 15095 | Lair:6   | Found a hole to the Spider Nest.
 15228 | Lair:6   | Reached skill level 14 in Stealth
 15745 | Lair:7   | Reached skill level 1 in Conjurations
 15943 | Lair:7   | Reached skill level 10 in Evocations
 16198 | Lair:7   | Found a staircase to the Slime Pits.
 16198 | Lair:7   | Found a viscous altar of Jiyva.
 16647 | Lair:8   | Entered Level 8 of the Lair of Beasts
 16649 | Lair:8   | Reached XP level 14. HP: 64/68 MP: 31/31
 17297 | Lair:8   | Reached skill level 15 in Stealth
 17304 | Lair:8   | Reached skill level 10 in Dodging
 17670 | Lair:8   | Identified the ring "Panaschuz" {SustAt rElec SInv}
 18653 | Swamp:1  | Entered Level 1 of the Swamp
 19164 | Swamp:1  | Noticed Aizul
 19239 | Spider:1 | Entered Level 1 of the Spider Nest
 19591 | Spider:1 | Noticed a ghost moth
 19598 | Spider:1 | Killed a ghost moth
 19624 | Spider:1 | Acquired Ashenzari's fifth power
 19680 | Spider:1 | Noticed Asterion
 19691 | Spider:1 | Killed Asterion
 19916 | Spider:1 | Noticed Gargoyl's ghost (powerful DsAK)
 19994 | Spider:1 | Killed Gargoyl's ghost
 20591 | Spider:2 | Got the cursed leather armour of the Great Game {*Drain Dex+6}
 20647 | Spider:2 | Noticed Jorgrun
 20670 | Spider:1 | Reached skill level 16 in Stealth
 20670 | Spider:1 | Reached XP level 15. HP: 54/73 MP: 2/33
 21170 | Spider:2 | Noticed Wiglaf
 21174 | Spider:2 | Noticed Roxanne
 21326 | Spider:2 | Killed Wiglaf
 21477 | Spider:2 | Killed from afar by Jorgrun

Vault maps used:
D:1:      sevenhm_arrival_forest_fort_small_4
D:2:      lemuel_another_geyser
D:3:      old_standard_altar
D:4:      lemuel_crystal_altar, gammafunk_temple_overflow_elements,
          minmay_temple_entry_grid, serial_glass, glass_columns_b,
          glass_columns_c, glass_columns_a, glass_columns_c, glass_columns_b,
          glass_columns_a, glass_columns_a, glass_columns_a, kennysheep_dice,
          uniq_sigmund
D:5:      makhleb_heckhound_becter, first_bread, uniq_blork_the_orc,
          uniq_grinder
D:6:      serial_glass, glass_columns_a, glass_columns_b, uniq_eustachio
D:7:      overflow_temple_1_default, uniq_pikel
D:9:      kennysheep_seaside_town, yredelemnul_altar_generic, lair_0_dummy,
          enter_bailey_2, grunt_livestock, hangedman_feature_mirror
Temple:   circular_temple_pool_12
Lair:1:   lemuel_oklob_altar, lemuel_fruit_fields
Lair:2:   minmay_stone_trees_small
Lair:3:   uniq_gastronok
Lair:4:   lemuel_fruit_tree
Lair:5:   swamp_mist_pool, pf_torpor_hydra, uniq_kirke, uniq_nessos
Lair:6:   spider_nest_entry_a
Lair:7:   slime_altar_1, serial_bayou_pond_d, infiniplex_staircase_pool
Lair:8:   evilmike_catoblepas_cave, serial_forest, infiniplex_forest_3_way,
          infiniplex_forest_end_2, infiniplex_forest_straight_1,
          infiniplex_forest_lined_room_, infiniplex_forest_clump_long,
          infiniplex_forest_straight_3, infiniplex_forest_end_1,
          bobbens_ice_dragon_lair
Swamp:1:  evilmike_swamp_ruin_house_6, uniq_josephine, uniq_aizul
Spider:1: spiders_nest_spider_trap, uniq_asterion
Spider:2: uniq_wiglaf, uniq_roxanne, uniq_jorgrun
Bailey:   bailey_polearm_1, bailey

Action                   |  1- 3 |  4- 6 |  7- 9 | 10-12 | 13-15 || total
-------------------------+-------+-------+-------+-------+-------++-------
Melee: Dagger            |    28 |       |       |       |       ||    28
       Short sword       |    47 |   100 |    17 |       |       ||   164
       Quick blade       |       |       |   187 |   571 |   802 ||  1560
 Cast: Corona            |    10 |     2 |       |     3 |     1 ||    16
       Ensorcelled Hiber |    22 |    25 |    33 |   111 |    55 ||   246
       Confuse           |     1 |    11 |    41 |    68 |   179 ||   300
       Tukima's Dance    |       |     3 |    13 |    15 |       ||    31
       Dazzling Spray    |       |       |       |    28 |    36 ||    64
Evoke: Wand              |       |       |       |    19 |     7 ||    26
       Lamp of fire      |       |       |       |     1 |       ||     1
  Use: Scroll            |     1 |    11 |     5 |    10 |    10 ||    37
       Potion            |       |       |     8 |     1 |     1 ||    10
 Stab: Sleeping          |    30 |    16 |    42 |   103 |    84 ||   275
       Distracted        |     1 |     1 |     2 |     5 |     6 ||    15
       Confused          |       |     6 |    11 |    39 |    95 ||   151
       Invisible         |       |       |       |     1 |    15 ||    16
       Petrifying        |       |       |       |       |     2 ||     2
       Petrified         |       |       |       |       |     2 ||     2
  Eat: Fruit             |       |     2 |       |     1 |       ||     3
       Bread ration      |       |     1 |     1 |     1 |       ||     3
       Pizza             |       |       |       |       |     3 ||     3
